 Dungeon Crawl Stone Soup version 0.32-a0-699-g1ee5eff69a (webtiles) character file.

Game seed: 14764227557921426569

75 arcshroob the Changeling (level 4, -1/38 HPs)
             Began as a Draconian Shapeshifter on Mar 13, 2024.
             Slain by a frilled lizard (3 damage)
             ... on level 3 of the Dungeon.
             The game lasted 00:04:22 (1323 turns).

arcshroob the Changeling (Draconian Shapeshifter)   Turns: 1323, Time: 00:04:22

Health: -1/38      AC:  5    Str: 16    XL:     4   Next: 11%
Magic:  0/4        EV: 11    Int: 11    God:
Gold:   163        SH:  0    Dex: 12    Spells: 3/3 levels left

rFire   . . .        j - +3 dagger
rCold   . . .        (no shield)
rNeg    . . .        (body armour unavailable)
rPois   .            (helmet currently unavailable)
rElec   .            (cloak currently unavailable)
rCorr   .            (gloves currently unavailable)
SInv    .            (boots currently unavailable)
Will    .....        m - amulet of guardian spirit
Stlth   +            (no ring)
HPRegen 0.26/turn    (no ring)
MPRegen 0.09/turn

%: guardian spirit
@: beast-form
A: beast (slay +1), AC +5, unfitting armour, cold-blooded
a: Begin Untransformation


You were on level 3 of the Dungeon.
You were a hulking beast.
You visited 1 branch of the dungeon, and saw 3 of its levels.

You collected 163 gold pieces.

Inventory:

Hand Weapons
 j - a +3 dagger (weapon)
Missiles
 k - 4 javelins (quivered)
Jewellery
 m - an amulet of guardian spirit (around neck)
Talismans
 b - a beast talisman (active)
 c - a flux talisman
Scrolls
 e - 3 scrolls of fog {unknown}
 f - a scroll of noise {unknown}
 g - a scroll of blinking {unknown}
 h - 2 scrolls of identify {unknown}
 i - a scroll of silence {unknown}
 l - a scroll of enchant armour {unknown}
Potions
 a - a potion of lignification


   Skills:
 - Level 3.0 Fighting
 - Level 3.0 Dodging
 - Level 3.0 Unarmed Combat
 + Level 3.2 Shapeshifting


You had 3 spell levels left.
You didn't know any spells.
Your spell library contained the following spells:

 Spells                   Type           Power      Damage    Failure   Level
 Hailstorm                Conj/Ice       0%         3d5       71%         3
 Summon Ice Beast         Ice/Summ       0%         N/A       71%         3
 Permafrost Eruption      Ice/Erth       0%         2x4d2     100%        6
 Sculpt Simulacrum        Ice/Alch       0%         N/A       100%        6


Dungeon Overview and Level Annotations

Branches:
Dungeon (3/15)

Altars:
Trog


Innate Abilities, Weirdness & Mutations

You are a hulking beast.
Your limbs bulge with bestial killing power. (Slay +1)
Your plain brown scales are hard. (AC +5)
You cannot fit into any form of body armour.
You are cold-blooded and may be slowed by cold attacks.


Message History

You hit the goblin.
You kill the goblin!
The gnoll misses you.
You hit the kobold.
Your tail-slap misses the kobold.
The kobold is severely wounded.
The gnoll hits you from afar with a +0 spear.
* * * LOW HITPOINT WARNING * * *
The kobold barely misses you.
You barely miss the kobold.
The kobold is severely wounded.
The gnoll closely misses you. The kobold barely misses you.
Unknown command.
As you read the scroll of teleportation, it crumbles to dust.
You feel strangely unstable. The gnoll hits you but does no damage.
The kobold closely misses you.
You hit the kobold.
You kill the kobold!
The gnoll hits you but does no damage. The dart slug launches a dart at you.
The slug dart misses you.
You puncture the goblin!
You kill the goblin!
The gnoll hits you but does no damage.
You hit the dart slug.
The dart slug is moderately wounded.
The gnoll barely misses you.
You hit the dart slug.
The dart slug is heavily wounded.
Your surroundings suddenly seem different.
A ball python, 2 river rats, 3 rats and a frilled lizard come into view.
The helpless rat fails to defend itself.
You puncture the rat!
You kill the rat!
The river rat closely misses you.
You miss the frilled lizard.
Your tail-slap misses the frilled lizard.
The river rat bites you.
* * * LOW HITPOINT WARNING * * *
The frilled lizard bites you.
You die...

#...~
#..S~
#.~~r
#..r~###+#
#..~~~~~~#
#...~~~~~#
#.....rr.#
#....lh..#
####...###
#^### ...
.## #


You could see 2 river rats, a ball python (asleep), a frilled lizard and 2 rats.

Vanquished Creatures
  A gnoll (D:3)
  An adder (D:2)
  A dart slug (D:1)
  5 bats
  3 endoplasms
  7 goblins
  6 hobgoblins
  8 jackals
  7 kobolds
  A quokka (D:3)
  6 ball pythons
  A frilled lizard (D:1)
  5 rats
52 creatures vanquished.

Notes
Turn   | Place    | Note
-------+----------+-------------------------------------------
     0 | D:1      | arcshroob the Draconian Shapeshifter began the quest for
                  | the Orb.
     0 | D:1      | Reached XP level 1. HP: 16/16 MP: 1/1
    91 | D:1      | Reached XP level 2. HP: 25/25 MP: 2/2
   664 | D:2      | Reached XP level 3. HP: 31/31 MP: 3/3
  1260 | D:3      | Found a bloodstained altar of Trog.
  1304 | D:3      | Reached XP level 4. HP: 22/38 MP: 1/4
  1323 | D:3      | Slain by a frilled lizard

Illustrated notes

Levels and vault maps discovered:
D:1:      heliophobic_arrival_battle_scene, layout_basic, st_stairs_7
D:2:      layout_basic
D:3:      minmay_recursive_quarters, layout_basic, led_xom_imps,
          mainiacjoe_overflow_catwalk, mainiacjoe_overflow_alcove_4,
          portal_sewer_entry_e

Skill      XL: |  1  2  3 |
---------------+----------+-----
Fighting       | 2 3 |  3.0
Dodging        | 2 3 |  3.0
Unarmed Combat | |  3.0
Shapeshifting  | |  3.2

Action                     |  1- 3 |  4- 6 || total
---------------------------+-------+-------++-------
  Melee: Unarmed           |    56 |       ||    56
         Dagger            |    56 |    19 ||    75
         Tailslap          |     6 |     1 ||     7
    Use: Scroll            |     1 |     1 ||     2
   Stab: Sleeping          |       |     1 ||     1
 Armour: Skin              |    78 |    14 ||    92
  Dodge: Dodged            |    79 |    20 ||    99

Table legend: (Time is in decaauts)
 A = Elapsed time spent in this place.
 B = Non-inter-level travel time spent in this place.
 C = Inter-level travel time spent in this place.
 D = Time resting spent in this place.
 E = Time spent auto-exploring this place.
 F = Levels seen in this place.
 G = Mean time per level.
                   A        B        C        D        E       F      G
               +--------+--------+--------+--------+--------+-----+--------+
         Total |   1321 |   1283 |     38 |     40 |    754 |   3 |  440.3 |
       Dungeon |   1321 |   1283 |     38 |     40 |    754 |   3 |  440.3 |
               +--------+--------+--------+--------+--------+-----+--------+

Top non-repeatable levels by time:
     D:1: 606 daAuts
     D:2: 491 daAuts
     D:3: 223 daAuts
